Nightjerle, lawful female human Priestess --------------- +iiiiiii$....$. |iiii.i$$.....| +iii@.i........ --------.------ # ### # # # ------------.--- |..............+ ........<......| |..............| |..............| ---------------- Nightjerle the Acolyte Experience level: 5 Strength: 13 Dexterity: 13 Constitution: 15 Intelligence: 16 Wisdom: 12 Charisma: 9 Health: 0(36) Energy: 48(48) Def: 4 Gold: 0 Moves: 2864 Dungeon seed: VPuMAtY5I0Pststx Game ID: Nightjerle_1493937580 Your Inventory: Weapons a - a blessed +1 mace (weapon in hand) s - an uncursed +0 orcish dagger Armor e - an uncursed +0 robe (being worn) n - a blessed +0 small shield (being worn) r - an uncursed +0 orcish helm (being worn) Comestibles c - 2 uncursed cloves of garlic d - 2 uncursed sprigs of wolfsbane j - an uncursed food ration Scrolls k - an uncursed scroll of destroy armor l - an uncursed scroll of confuse monster p - 3 uncursed scrolls of scare monster z - an uncursed scroll of teleportation C - an uncursed scroll of identify Spellbooks g - an uncursed spellbook of remove curse h - an uncursed spellbook of identify m - an uncursed spellbook of cure sickness x - an uncursed spellbook of knock Potions b - 4 potions of holy water o - a cursed potion of paralysis t - an uncursed potion of gain energy u - an uncursed potion of levitation A - a cursed potion of see invisible Rings w - a cursed ring of hunger Wands f - an uncursed wand of cancellation (0:1) Tools i - an uncursed magic marker (0:64) v - an uncursed towel Gems q - an uncursed worthless piece of violet glass y - 2 uncursed worthless pieces of green glass Spells and supernatural/magical abilities: Name Level Category Fail Memory r - remove curse 3 clerical 0% 86% I - identify 3 divination 97% 86% W - pray for help -- divine ? -- X - turn undead -- divine ? -- Your skills at the end: Miscellaneous Skills shield [Basic] wands [Basic] stealth [Expert] Weapon Skills mace [Basic] Spellcasting Skills clerical spells [Basic] Final Attributes: You were devoutly aligned. You were very stealthy. You are dead. Vanquished creatures: a leprechaun a gnome mummy a gnome lord a gnomish wizard a giant ant a homunculus an iguana a centipede a giant bat 2 dwarf zombies a gas spore 2 geckos a hobgoblin 5 giant rats a gnome 3 jackals 2 foxes 2 newts 6 goblins a sewer rat 6 grid bugs a bat a kobold zombie 43 creatures vanquished. Voluntary challenges: You did not adorn yourself with jewelry or accessories. You did not cause conflict. You were not invisible. You did not have reflection. You were not displaced. You used a wielded weapon 84 times, starting on turn 80. You did not use tools. You did not use plumbed fixtures. You did not drink any magical draughts. You were illiterate. You never genocided any monsters. You never polymorphed an object. You never changed form. You used no wishes. You never split a pudding. You never wrote Elbereth's name. You never violated your personal moral code. Dungeon overview: The Dungeons of Doom: levels 1 to 7 Level 1 a sink a long staircase Level 2 an armor shop, some fountains Level 3 stairs to The Gnomish Mines Level 4 a fountain Level 5 Level 6 a fountain Level 7 <- You were here The Gnomish Mines: Level 4 stairs to The Dungeons of Doom History has recorded: On T:1 you entered the Dungeons of Doom to retrieve the Amulet of Yendor! On T:401 you reached level 2 of The Dungeons of Doom. On T:695 you advanced to experience level 2. On T:881 you reached level 3 of The Dungeons of Doom. On T:1023 you advanced to experience level 3. On T:1269 you reached level 1 of The Gnomish Mines. On T:1329 you advanced to experience level 4. On T:1528 you reached level 4 of The Dungeons of Doom. On T:1724 you prayed to Amaterasu Omikami. On T:1901 you reached level 5 of The Dungeons of Doom. On T:2347 you reached level 6 of The Dungeons of Doom. On T:2411 you advanced to experience level 5. On T:2765 you reached level 7 of The Dungeons of Doom. Score breakdown: Gold: 0 ( 0 points) Experience: 5 levels ( 400 points) Exploration: 7 levels ( 180 points) Discoveries: 0 items ( 0 points) Variety of kills: 23 monsters ( 1150 points) Major goal: (nothing yet) ( 0 points) Survival: died (score multiplied by 3) Total score: 5190 Latest messages: The leprechaun punches you! You hit the leprechaun. The leprechaun punches you! You hit the leprechaun. The leprechaun punches you! You hit the leprechaun! The leprechaun punches you! (2x) You hit the leprechaun. The leprechaun punches you! You hit the leprechaun. The leprechaun turns to flee! The leprechaun punches you! You hit the leprechaun. The leprechaun punches you! You hit the leprechaun. The leprechaun punches you! (4x) You kill the leprechaun! The leprechaun picks up 102 gold pieces. The leprechaun punches you! You hit the leprechaun! The leprechaun punches you! (3x) You hit the leprechaun! (2x) The leprechaun picks up 25 gold pieces. You hit the leprechaun! The leprechaun punches you! (2x) You die... Final status: Goodbye Nightjerle the Priestess, killed by a leprechaun... You died in The Dungeons of Doom on dungeon level 7 with 5190 points, and 0 pieces of gold, after 2864 moves. You were level 5 with a maximum of 36 hit points when you died.